 Dungeon Crawl Stone Soup version 0.29.1-1-gd02db6906a (webtiles) character file.

Game seed: 18376229969410164979

396 Tiocfaidh the Trooper (level 6, -1/45 (49) HPs)
             Began as a Merfolk Fighter on Sept 28, 2022.
             Killed from afar by a white imp (3 damage)
             ... with a puff of frost
             ... summoned by Natasha
             ... on level 4 of the Dungeon.
             The game lasted 00:16:18 (3973 turns).

Tiocfaidh the Trooper (Merfolk Fighter)             Turns: 3973, Time: 00:16:19

HP:   -1/45 (49)    AC:  9    Str: 18    XL:     6   Next: 83%
MP:   6/6           EV:  6    Int:  8    God:
Gold: 182           SH: 11    Dex: 13    Spells: 5/5 levels left

rFire   . . .      SeeInvis .   g - +1 dagger (venom)
rCold   . . .      Faith    .   n - +2 kite shield
rNeg    . . .      Spirit   .   i - +0 chain mail
rPois   .          Reflect  .   (no helmet)
rElec   .          Harm     .   (no cloak)
rCorr   .          Rampage  .   (no gloves)
Will    .....                   (no boots)
Stlth   ..........              (no amulet)
HPRegen 0.15/turn               (no ring)
MPRegen 0.10/turn               (no ring)

@: drained
A: (nimble swimmer 2), mertail
a: no special abilities


You were on level 4 of the Dungeon.
You visited 1 branch of the dungeon, and saw 4 of its levels.

You collected 182 gold pieces.

Inventory:

Hand Weapons
 g - a +1 dagger of venom (weapon)
Missiles
 l - 5 atropa-tipped darts (quivered)
Armour
 i - a +0 chain mail (worn)
 n - a +2 kite shield (worn)
Wands
 o - a wand of polymorph (8)
Scrolls
 a - 2 scrolls of noise {unknown}
 e - a scroll of immolation
 m - a scroll of fear {unknown}
 p - 2 scrolls of identify {unknown}
 r - a scroll of torment {unknown}
 s - a scroll of enchant armour {unknown}
Potions
 b - a potion of resistance {unknown}
 c - a potion of degeneration {unknown}
 d - a potion of might
 f - a potion of curing {unknown}
 h - a potion of cancellation {unknown}
 j - a potion of haste {unknown}
 k - a potion of heal wounds {unknown}
 q - a potion of attraction {unknown}


   Skills:
 + Level 4.3 Fighting
 + Level 3.5 Short Blades
 + Level 3.7 Polearms
 + Level 0.4 Throwing
 + Level 3.5 Armour
 + Level 1.6 Dodging
 + Level 0.6 Stealth
 + Level 3.9 Shields


You had 5 spell levels left.
You didn't know any spells.
Your spell library was empty.

Dungeon Overview and Level Annotations

Branches:
Dungeon (4/15)
 Temple: D:4-7

Altars:

Annotations:
D:4 Natasha


Innate Abilities, Weirdness & Mutations

((You are very nimble when in or above water. (Stealth+, EV+, Speed+++)))
Your lower body shifts to a powerful aquatic tail in water.


Message History

The necrophage is almost destroyed.
You block the necrophage's attack.
Natasha, Servant of Life and Death comes into view.
You barely miss the necrophage.
The necrophage is almost destroyed.
Natasha hisses angrily.
The necrophage hits you.
You feel drained.
You barely miss the necrophage.
The necrophage is almost destroyed.
You block the necrophage's attack.
You hit the necrophage but do no damage.
The necrophage is almost destroyed.
The necrophage hits you but does no damage.
Natasha stares at you and mumbles some strange words.
The magic dart hits you!
* * * LOW HITPOINT WARNING * * *
You hit the necrophage.
The necrophage is almost destroyed.
The necrophage hits you but does no damage.
The necrophage hits you but does no damage.
Natasha mumbles some strange words.
The necrophage attacks as you move away!
The necrophage hits you but does no damage.
You hit the necrophage.
You destroy the necrophage!
You hit the white imp but do no damage.
Natasha casts a spell.
The white imp gestures at you. The puff of frost hits you.
* * * LOW HITPOINT WARNING * * *
The white imp attacks as you move away!
The white imp hits you but does no damage.
Okay, then.
As you read the scroll labelled GUSES FOF PUXI, it crumbles to dust.
The creatures around you are filled with an inner flame!
It was a scroll of immolation.
The white imp barely misses you. The white imp attacks as you move away!
The white imp hits you but does no damage.
Natasha casts a spell.
The white imp gestures at you. The puff of frost hits you.
You die...

#....+ #....#
#5#### #5#
#h#......#≈≈#
#.#......#≈≈##
#5#.)[....≈≈[##
#.#.......≈≈..#.
#@#.......~~~~...
#.#.....~.≈~.~....
#.#.......~~....(.
#.........~≈.....<
#........~≈≈.~....
##........~~~~~...
#......~.~~.~....
#........~~~.~...
#######..~~......


You could see Natasha (inner flame), a crimson imp (summoned), a white imp
(summoned, inner flame) and a shadow imp (summoned, inner flame).

Vanquished Creatures
  Blork the orc (D:4)
  A necrophage (D:4)
  2 orc priests (D:3)
  An orc wizard (D:2)
  Natasha (D:4)
  4 gnolls (D:3)
  4 adders
  2 dart slugs
  8 orcs
  8 endoplasms
  4 giant cockroaches
  7 hobgoblins
  4 quokkas
  6 ball pythons
  8 bats
  6 frilled lizards
  7 goblins
  7 kobolds
  8 rats
89 creatures vanquished.

Notes
Turn   | Place    | Note
-------+----------+-------------------------------------------
     0 | D:1      | Tiocfaidh the Merfolk Fighter began the quest for the Orb.
     0 | D:1      | Reached XP level 1. HP: 18/18 MP: 1/1
   235 | D:1      | Reached XP level 2. HP: 24/24 MP: 2/2
   415 | D:1      | Found a faded altar of an unknown god.
   754 | D:1      | Reached XP level 3. HP: 18/29 MP: 3/3
  1420 | D:2      | Reached skill level 1 in Short Blades
  1420 | D:2      | Reached XP level 4. HP: 30/35 MP: 4/4
  2489 | D:2      | Reached XP level 5. HP: 26/42 MP: 5/5
  2912 | D:3      | Reached skill level 4 in Fighting
  2988 | D:3      | Reached skill level 1 in Dodging
  2988 | D:3      | Reached XP level 6. HP: 37/48 MP: 6/6
  3667 | D:4      | Noticed Blork the orc
  3685 | D:4      | Killed Blork the orc
  3765 | D:4      | Noticed Natasha
  3799 | D:4      | Killed Natasha
  3958 | D:4      | Noticed Natasha
  3968 | D:4      | HP: 1/45 [white imp/puff of frost[Natasha] (6)]
  3973 | D:4      | Killed from afar by a white imp

Illustrated notes

Levels and vault maps discovered:
D:1:      beargit_arrival_diablo_church, layout_basic,
          hellmonk_ecumenical_altar_run_dry
D:2:      layout_basic, kennysheep_generic_room_4
D:3:      layout_basic
D:4:      layout_basic, mainiacjoe_overflow_alcove_4, serial_rivers,
          chequers_serial_rivers_small_a, chequers_serial_rivers_micro_d,
          chequers_serial_rivers_small_3, chequers_serial_rivers_micro_d,
          chequers_serial_rivers_micro_a, uniq_natasha, uniq_blork_the_orc,
          uniq_grinder, uniq_duvessa

Skill      XL: |  1  2  3  4  5  6 |
---------------+-------------------+-----
Polearms       | 3 |  3.7
Short Blades   | 1 2 3 |  3.5
Armour         | 3 |  3.5
Fighting       | 4 |  4.3
Dodging        | 1 |  1.6
Throwing       | |  0.4
Stealth        | |  0.6
Shields        | |  3.9

Action                   |  1- 3 |  4- 6 || total
-------------------------+-------+-------++-------
Melee: Trident           |    64 |       ||    64
       Dagger            |    42 |   221 ||   263
Throw: Dart              |       |     5 ||     5
  Use: Scroll            |       |     1 ||     1
Armor: Scale mail        |    59 |       ||    59
       Chain mail        |     3 |    96 ||    99
Dodge: Dodged            |    26 |    36 ||    62
Block: Buckler           |    26 |    27 ||    53
       Kite shield       |       |    43 ||    43
